 Dungeon Crawl Stone Soup version 0.29-a0-23-ga79f92ac9c (webtiles) character file.

Game seed: 18360463656964453896

112 bande the Covered (level 4, 0/29 HPs)
             Began as a Gargoyle Fighter on Jan 31, 2022.
             Slain by an orc (4 damage)
             ... on level 4 of the Dungeon.
             The game lasted 00:06:25 (3677 turns).

bande the Covered (Gargoyle Fighter)                Turns: 3677, Time: 00:06:25

Health: 0/29       AC:  9    Str: 20    XL:     4   Next: 93%
Magic:  4/4        EV:  9    Int:  8    God:
Gold:   100        SH:  4    Dex: 11    Spells: 3/3 levels left

rFire   + . .      SeeInvis .   a - +0 war axe
rCold   . . .      Faith    .   c - +0 buckler
rNeg    + . .      Spirit   .   b - +0 scale mail
rPois   ∞          Reflect  .   (no helmet)
rElec   +          Harm     .   h - scarf {+Inv}
rCorr   .          Rampage  .   o - +1 pair of gloves
Will    .....                   (no boots)
Stlth   ..........              (no amulet)
HPRegen 0.09/turn               e - ring of protection from fire
MPRegen 0.09/turn               (no ring)

@: no status effects
A: sickness immunity, AC +3, negative energy resistance 1, electricity
resistance, torment resistance 1, petrification resistance, deformed body,
passive freeze
a: Evoke Invisibility


You were on level 4 of the Dungeon.
You visited 1 branch of the dungeon, and saw 4 of its levels.

You collected 100 gold pieces.

Inventory:

Hand Weapons
 a - a +0 war axe (weapon)
Armour
 b - a +0 scale mail (worn)
 c - a +0 buckler (worn)
 h - a scarf of invisibility (worn)
 o - a +1 pair of gloves (worn)
Jewellery
 e - a ring of protection from fire (left hand)
Wands
 k - a wand of digging (2)
Scrolls
 l - 2 scrolls of summoning
 n - a scroll of fear
Potions
 d - a potion of might
 f - 2 potions of curing
 g - 2 potions of heal wounds
 i - a potion of invisibility {unknown}
 m - a potion of magic {unknown}


   Skills:
 + Level 3.8 Fighting
 + Level 2.9 Axes
 + Level 4.0 Armour
 + Level 3.8 Shields
 * Level 1.0 Evocations


You had 3 spell levels left.
You didn't know any spells.
Your spell library contained the following spells:

 Spells                   Type           Power      Damage    Failure   Level
 Corpse Rot               Necr/Air       0%         N/A       94%         2
 Dispel Undead            Necr           0%         3d6       100%        4
 Death Channel            Necr           0%         N/A       100%        6


Dungeon Overview and Level Annotations

Branches:
Dungeon (4/15)
 Temple: D:4-7

Altars:

Annotations:
D:3 Xenoroth's ghost, amateur OpTm


Innate Abilities, Weirdness & Mutations

You are immune to sickness and miasma.
Your stone body is resilient. (AC +3)
You are immune to poison.
You resist negative energy. (rN+)
You are resistant to electric shocks. (rElec)
You are resistant to unholy torment.
You are immune to petrification.
Armour fits poorly on your strangely shaped body.
A frigid envelope surrounds you and freezes all who hurt you.


Message History

The ice beast closely misses you.
You slash the ice beast!
You kill the ice beast!
The ice beast dissolves into shadows!
The goblin hits you with a +0 club.
The goblin is very cold.
You kill the goblin!
The orc dissolves into shadows!
An orc comes into view. It is wielding a +0 war axe.
The orc shouts!
You hear a shout!
An orc comes into view. It is wielding a +0 short sword.
The orc moves out of view.
You see here a +0 club.
You barely miss the orc.
The orc shouts!
You hear a bark!
The orc hits you but does no damage.
The orc is very cold.
The orc is severely wounded.
The orc hits you but does no damage.
The orc is very cold.
You kill the orc!
A hobgoblin comes into view.
Found 20 bolts.
The hound barks!
You hear a shout!
Things that are here:
a +0 club; an orc corpse You see here a +0 club.
There is a stone staircase leading up here.
A hobgoblin is nearby!
A hobgoblin is nearby!
You block the hobgoblin's attack.
You barely miss the hobgoblin.
The hobgoblin hits you but does no damage.
The hobgoblin is very cold.
You kill the hobgoblin!
The orc hits you with a +0 war axe!
* * * LOW HITPOINT WARNING * * *
The orc is very cold.
The orc is lightly wounded.
You completely miss the orc.
The orc is lightly wounded.
The orc hits you but does no damage. The orc hits you with a +0 war axe.
You die...

..... #...##
#..o.. ..h.g
o..
.##.##h#######
......o)o.<.o#
...#.#######o#
#@# #.# #.#
#.# #.. ###.
.# . ..


You could see 2 orcs.

Vanquished Creatures
  A hound (D:2)
  2 adders (D:2)
  A worm (D:2)
  A dart slug (D:1)
  An orc (D:4)
  4 endoplasms
  8 goblins
  7 hobgoblins
  2 jackals (D:3)
  4 quokkas
  5 bats
  A frilled lizard (D:2)
  5 kobolds
  13 rats
55 creatures vanquished.

Vanquished Creatures (others)
  A kobold (D:2)
1 creature vanquished.

Grand Total: 56 creatures vanquished

Notes
Turn   | Place    | Note
-------+----------+-------------------------------------------
     0 | D:1      | bande the Gargoyle Fighter began the quest for the Orb.
     0 | D:1      | Reached XP level 1. HP: 14/14 MP: 1/1
   153 | D:1      | Reached XP level 2. HP: 19/19 MP: 2/2
   403 | D:1      | Found a faded altar of an unknown god.
  1237 | D:2      | Reached XP level 3. HP: 22/23 MP: 3/3
  1489 | D:2      | Reached skill level 4 in Armour
  1489 | D:2      | Reached XP level 4. HP: 23/29 MP: 4/4
  1865 | D:2      | Reached skill level 1 in Evocations
  2527 | D:3      | Gained mutation: A frigid envelope surrounds you and
                  | freezes all who hurt you. [potion of mutation]
  2527 | D:3      | Gained mutation: Armour fits poorly on your strangely
                  | shaped body. [potion of mutation]
  2529 | D:3      | Found a runed translucent gate.
  2532 | D:3      | Found a runed translucent gate.
  2533 | D:3      | Found a runed translucent gate.
  2878 | D:3      | Noticed Xenoroth's ghost (amateur OpTm)
  3640 | D:4      | Noticed an ice beast
  3677 | D:4      | Slain by an orc

Illustrated notes

Levels and vault maps discovered:
D:1:      lemuel_arrival_tunnels, layout_rooms,
          hellmonk_ecumenical_altar_pennies_from_heaven,
          serial_co_window_serial, co_window_of_opportunity_a,
          co_window_corner_a, co_window_paths_b, co_window_corner_a,
          co_window_paths_a, co_window_unsneaky_path_a, co_window_corner_b,
          co_window_broadway_b, co_window_unsneaky_path_c, co_window_broadway_a,
          co_window_unsneaky_path_d, glass_columns_a, glass_columns_b,
          minmay_pentomino_o4
D:2:      layout_loops_ring, lemuel_old_faithful
D:3:      layout_basic, gammafunk_ghost_necromancy,
          amcnicky_mini_corridor_feature
D:4:      layout_loops_ring, minmay_temple_entry_nine_rooms, nrook_campfire

Skill      XL: |  1  2  3  4 |
---------------+-------------+-----
Axes           | 2 |  2.9
Armour         | 4 |  4.0
Evocations     | 1 |  1.0
Fighting       | |  3.8
Shields        | |  3.8

Action                   |  1- 3 |  4- 6 || total
-------------------------+-------+-------++-------
Melee: War axe           |    97 |    76 ||   173
  Use: Scroll            |     6 |     2 ||     8
       Potion            |       |     1 ||     1
Armor: Scale mail        |    64 |    59 ||   123
Dodge: Dodged            |    61 |    30 ||    91
Block: Buckler           |    26 |    19 ||    45

Table legend: (Time is in decaauts)
 A = Elapsed time spent in this place.
 B = Non-inter-level travel time spent in this place.
 C = Inter-level travel time spent in this place.
 D = Time resting spent in this place.
 E = Time spent auto-exploring this place.
 F = Levels seen in this place.
 G = Mean time per level.
                   A        B        C        D        E       F      G
               +--------+--------+--------+--------+--------+-----+--------+
         Total |   3753 |   3666 |     87 |    670 |   2345 |   4 |  938.2 |
       Dungeon |   3753 |   3666 |     87 |    670 |   2345 |   4 |  938.2 |
               +--------+--------+--------+--------+--------+-----+--------+

Top non-repeatable levels by time:
     D:1: 1207 daAuts
     D:2: 1101 daAuts
     D:4: 723 daAuts
     D:3: 720 daAuts
